 Dungeon Crawl Stone Soup version 0.28-a0-8-g6e044cfa68 (webtiles) character file.

Game seed: 2248231224831486658

214 Sweetruy1997 the Chopper (level 5, -4/46 HPs)
             Began as a Hill Orc Monk on July 24, 2021.
             Slain by Grinder (6 damage)
             ... on level 3 of the Dungeon.
             The game lasted 00:09:03 (2953 turns).

Sweetruy1997 the Chopper (Hill Orc Monk)            Turns: 2953, Time: 00:09:03

Health: -4/46      AC:  5    Str: 14    XL:     5   Next: 92%
Magic:  5/5        EV: 12    Int: 10    God:
Gold:   211        SH:  0    Dex: 20    Spells: 4/4 levels left

rFire   . . .      SeeInvis .   i - staff of cold
rCold   + . .      Faith    .   (no shield)
rNeg    . . .      Spirit   .   d - +0 ring mail
rPois   .          Reflect  .   (no helmet)
rElec   .          Harm     .   (no cloak)
rCorr   .          Rampage  .   (no gloves)
Will    .....                   (no boots)
Stlth   ++........              (no amulet)
HPRegen 0.15/turn               h - +6 ring of dexterity
MPRegen 0.09/turn               (no ring)

@: no status effects
A: no striking features
a: no special abilities


You were on level 3 of the Dungeon.
You visited 1 branch of the dungeon, and saw 3 of its levels.

You collected 211 gold pieces.

Inventory:

Missiles
 b - 6 javelins
 e - 3 boomerangs (quivered)
Armour
 d - a +0 ring mail (worn)
Magical Staves
 i - a staff of cold (weapon)
Jewellery
 h - a +6 ring of dexterity (left hand)
Wands
 c - a wand of flame (7)
Scrolls
 g - a scroll of enchant weapon
 k - a scroll of silence {unknown}
Potions
 a - a potion of curing {unknown}
 f - a potion of flight {unknown}


   Skills:
 - Level 4.0 Fighting
 - Level 4.1 Axes
 + Level 2.5 Staves
 - Level 1.0 Throwing
 + Level 3.0 Armour
 - Level 3.0 Dodging
 - Level 2.0 Stealth
 + Level 0.4 Evocations


You had 4 spell levels left.
You didn't know any spells.
Your spell library contained the following spells:

 Spells                   Type           Power      Damage    Failure   Level
 Inner Flame              Hex/Fire       0%         N/A       92%         3
 Cause Fear               Hex            0%         N/A       100%        4
 Discord                  Hex            0%         N/A       100%        8


Dungeon Overview and Level Annotations

Branches:
Dungeon (3/15)

Altars:

Shops:
D:2 :

Annotations:
D:3 Grinder


Message History

Aiming: Throw Flame
Press: ? - help, Shift-Dir - straight line, f/p - Grinder
Aim: Grinder (64% to hit)
The puff of flame hits Grinder!
Grinder is moderately wounded.
Aiming: Throw Flame
Press: ? - help, Shift-Dir - straight line, f/p - Grinder
Aim: Grinder (lightly wounded, 64% to hit)
The puff of flame hits Grinder.
Grinder is moderately wounded.
Aiming: Throw Flame
Press: ? - help, Shift-Dir - straight line, f/p - Grinder
Aim: Grinder (moderately wounded, 64% to hit)
The puff of flame misses Grinder.
The puff of flame hits the worm.
The worm is lightly wounded.
Okay, then.
Okay, then.
You barely miss Grinder.
Grinder is moderately wounded.
Grinder gestures at you.
You suddenly lose the ability to move!
Grinder hits you.
You writhe in agony.
Grinder hits you.
You writhe in agony.
Grinder hits you but does no damage.
An orc wizard comes into view. It is wielding a +0 dagger.
Grinder gestures at you. Pain shoots through your body!
* * * LOW HITPOINT WARNING * * *
The orc wizard shouts!
You hear a shout!
The orc wizard points at you and mumbles some strange words.
The magic dart hits you.
* * * LOW HITPOINT WARNING * * *
Grinder hits you.
* * * LOW HITPOINT WARNING * * *
You writhe in agony.
* * * LOW HITPOINT WARNING * * *
You can move again.
You hit Grinder.
Grinder is moderately wounded.
Grinder hits you.
You die...

.# #...........# ...# .#
#...........# .#..
)###...........#
...............# .
...............+ ..
...............######...
.........?..(..†........
....#######+##.!........
....# #..@....... ....#
#...5...... ....#
#...w...... ....#
+.......... ....#
#........## ###.
........... o.#####.....
... .....


You could see Grinder, a worm and an orc wizard.

Vanquished Creatures
  An ogre (D:3)
  Jessica (D:3)
  Terence (D:2)
  2 adders
  A dart slug (D:1)
  6 orcs (D:3)
  5 ball pythons
  6 bats
  5 endoplasms
  3 giant cockroaches
  3 goblins
  5 hobgoblins
  5 jackals
  A quokka (D:1)
  2 frilled lizards (D:3)
  6 rats
53 creatures vanquished.

Vanquished Creatures (others)
  A fungus (D:3)
  5 toadstools (D:3)
6 creatures vanquished.

Grand Total: 59 creatures vanquished

Notes
Turn   | Place    | Note
-------+----------+-------------------------------------------
     0 | D:1      | Sweetruy1997 the Hill Orc Monk began the quest for the Orb.
     0 | D:1      | Reached XP level 1. HP: 19/19 MP: 1/1
   384 | D:1      | Reached XP level 2. HP: 22/27 MP: 2/2
  1018 | D:2      | Reached XP level 3. HP: 20/33 MP: 3/3
  1172 | D:2      | Found a faded altar of an unknown god.
  1641 | D:2      | Noticed Terence
  1653 | D:2      | Killed Terence
  1654 | D:2      | Reached skill level 1 in Throwing
  1654 | D:2      | Reached skill level 1 in Armour
  1654 | D:2      | Reached XP level 4. HP: 11/40 MP: 4/4
  2161 | D:2      | Found Racyaq's Book Shoppe.
  2432 | D:3      | Noticed Jessica
  2438 | D:3      | Reached skill level 1 in Staves
  2440 | D:3      | Killed Jessica
  2441 | D:3      | Noticed an ogre
  2468 | D:3      | Killed an ogre
  2469 | D:3      | Reached XP level 5. HP: 10/46 MP: 5/5
  2940 | D:3      | Noticed Grinder
  2942 | D:3      | Paralysed by Grinder for 2 turns
  2948 | D:3      | Paralysed by Grinder for 5 turns
  2952 | D:3      | HP: 1/46 [Grinder (2)]
  2953 | D:3      | Slain by Grinder

Illustrated notes

Levels and vault maps discovered:
D:1:      onia_arrival_pyramid, layout_basic
D:2:      layout_loops_corners, shapermc_ecumenical_altar_totnotflames,
          serial_shops, nicolae_shop_stone, uniq_terence
D:3:      layout_basic, minmay_gold_behind_fungi, uniq_jessica, uniq_grinder

Skill      XL: |  1  2  3  4  5 |
---------------+----------------+-----
Fighting       | 4 |  4.0
Throwing       | 1 |  1.0
Armour         | 1 2 3 |  3.0
Stealth        | 2 |  2.0
Staves         | 2 |  2.5
Dodging        | 3 |  3.0
Axes           | |  4.1
Evocations     | |  0.4

Action                   |  1- 3 |  4- 6 || total
-------------------------+-------+-------++-------
Melee: Hand axe          |    11 |       ||    11
       Staff             |    52 |    66 ||   118
Throw: Javelin           |    24 |    15 ||    39
       Boomerang         |       |    29 ||    29
Evoke: Wand              |       |    10 ||    10
  Use: Scroll            |     1 |     2 ||     3
       Potion            |     1 |       ||     1
 Stab: Sleeping          |     1 |     1 ||     2
Armor: Ring mail         |    19 |    15 ||    34
Dodge: Dodged            |    35 |    35 ||    70

Table legend: (Time is in decaauts)
 A = Elapsed time spent in this place.
 B = Non-inter-level travel time spent in this place.
 C = Inter-level travel time spent in this place.
 D = Time resting spent in this place.
 E = Time spent auto-exploring this place.
 F = Levels seen in this place.
 G = Mean time per level.
                   A        B        C        D        E       F      G
               +--------+--------+--------+--------+--------+-----+--------+
         Total |   3008 |   2927 |     81 |    653 |   1837 |   3 | 1002.7 |
       Dungeon |   3008 |   2927 |     81 |    653 |   1837 |   3 | 1002.7 |
               +--------+--------+--------+--------+--------+-----+--------+

Top non-repeatable levels by time:
     D:2: 1336 daAuts
     D:1: 968 daAuts
     D:3: 703 daAuts
